[Event "Early-Titled-Tuesday-Blitz-March-05-2024"]
[Site "Chess.com"]
[Date "2024.03.05"]
[Round "5"]
[White "Aalessia"]
[Black "betta2004"]
[Result "1-0"]
[WhiteElo "2412"]
[BlackElo "2543"]
[TimeControl "180+1"]
[EndTime "8:58:17 PST"]
[Termination "Aalessia won by resignation"]

1. d4 Nf6 2. c4 c5 3. d5 a6 4.
a4 d6 5. Nc3 g6 6. e4 e6 7. f4 Qe7 8. e5 dxe5 9. fxe5 exd5 10.
Qe2 Ne4 11. Nxd5 Qh4+ 12. Kd1 Nf2+ 13. Kc2 Bf5+ 14. Kb3 Nxh1 15. Nc7+ Kd8 16. Nxa8 Nc6 17. Be3 Bh6 18. Nf3 Bxe3 19. Rd1+ Qd4 20. Rxd4+ cxd4 21. Nb6 Nf2 22. Nd5 Bd3 23. Qe1 Ng4 24. Bxd3 Bf2 25.
Qe4 Na5+ 26. Ka2 h5 27. h3 Ne3 28. Qxd4 Nd1 29. Ne3+ Kc8 30. Qc5+ Nc6 31. Be4 Bxe3 32.
Qa3 Rd8 33. Bxc6 bxc6 34. Qe7 Bb6 35. Qxf7 Ne3 36. Qxg6 Kb7 37. e6 Nxc4 38. e7 Rc8 39. e8=Q Rxe8 40. Qxe8 Bc7 41. Qxh5 Nd6 42. Qg6 c5 43. h4 c4 44. h5 Kc6 45. Ne5+ Kd5 46. Qg5 Ne4 47. Qe3 Bxe5 48. h6 Nc5 49. h7 Nd3 50. Qxe5+ Nxe5 51. h8=Q Nc6 52. g4 Kc5 53. g5 Nb4+ 54. Kb1 Nd5 55. g6 c3 1-0

[Event "Early-Titled-Tuesday-Blitz-March-05-2024"]
[Site "Chess.com"]
[Date "2024.03.05"]
[Round "5"]
[White "matagordo"]
[Black "chess_blitz00"]
[Result "0-1"]
[WhiteElo "2238"]
[BlackElo "2531"]
[TimeControl "180+1"]
[EndTime "8:58:18 PST"]
[Termination "chess_blitz00 won on time"]

1. d4 d6 2. Bf4 g6 3. Nc3 Bg7 4. e4 Nc6 5. Nge2 e5 6. Be3 exd4 7. Nxd4 Nge7 8. Qd2 O-O 9. O-O-O Re8 10. h4 Ne5 11. f3 a6 12. Bh6 N7c6 13. Bxg7 Kxg7 14. h5 Rh8 15. h6+ Kf8 16. Nd5 Be6 17. Nxe6+ fxe6 18. Qf4+ Nf7 19. Qf6 Qxf6 20. Nxf6 Ke7 21. Ng4 Nce5 22. Ne3 g5 23. Rh5 Rhg8 24. Be2 Ng6 25. Rhh1 Nf4 26.
Bc4 b5 27. Bb3 c5 28. c4 b4 29. g3 Ne2+ 30. Kd2 Nd4 31. Rdf1 Ne5 32. Bd1 Raf8 33. f4 gxf4 34. gxf4 Ng6 35. f5 Ne5 36. fxe6 Kxe6 37. Rxf8 Rxf8 38. Rh2 Ndf3+ 0-1

[Event "Early-Titled-Tuesday-Blitz-March-05-2024"]
[Site "Chess.com"]
[Date "2024.03.05"]
[Round "5"]
[White "ReinisUz"]
[Black "M1711"]
[Result "0-1"]
[WhiteElo "2415"]
[BlackElo "2590"]
[TimeControl "180+1"]
[EndTime "8:58:18 PST"]
[Termination "M1711 won by checkmate"]

1. c4 e6 2. Nc3 d5 3. d4 Nf6 4. cxd5 exd5 5. Bg5 c6 6. Qc2 Bd6 7. e3 O-O 8. Nf3 a5 9. Bd3 h6 10. Bh4 Na6 11. a3 Nc7 12. Ne5 c5 13. f4 cxd4 14. exd4 Ne6 15. Qf2 g5 16. fxg5 hxg5 17. Bg3 Kg7 18. Rf1 b5 19. Nxb5 Be7 20. a4 Bb7 21. Qf5 Bb4+ 22. Kf2 Rh8 23. Kg1 Be7 24. h4 gxh4 25.
Bf4 Rh5 26. Qh3 Nxf4 27. Rxf4 Bc8 28. Qf3 Rg5 29. Rf1 Rg3 30. Qf2 Be6 31. Nc6 Qd7 32.
Nxe7 Qxe7 33. Rxf6 Rg8 34. Kh1 Kf8 35. Rg1 h3 36.
Rf5 hxg2+ 37. Kh2 Qh4# 0-1

[Event "Early-Titled-Tuesday-Blitz-March-05-2024"]
[Site "Chess.com"]
[Date "2024.03.05"]
[Round "5"]
[White "Der_Balak_3Halak"]
[Black "KononenkoD"]
[Result "0-1"]
[WhiteElo "2465"]
[BlackElo "2609"]
[TimeControl "180+1"]
[EndTime "8:58:19 PST"]
[Termination "KononenkoD won by resignation"]

1. e4 d5 2. Nc3 d4 3. Nce2 c5 4. d3 Nc6 5. f4 e5 6. Nf3 f5 7. exf5 Bxf5 8. Ng3 Bg4 9. fxe5 Qc7 10. Be2 Bxf3 11. Bxf3 Nxe5 12. Bh5+ g6 13. Be2 O-O-O 14. O-O Bd6 15. Ne4 Ne7 16. Ng5 Qd7 17. Bf4 N7c6 18. Nf7 Qxf7 19. Bxe5 Qc7 20. Bxh8 Bxh2+ 21. Kh1 Rxh8 22.
Bg4+ Kb8 23. Qf3 h5 24. Bd7 Ne5 25. Qf8+ Qd8 26. Qxd8+ Rxd8 27. Kxh2 Rxd7 28. Kg1 Ng4 29. Rf8+ Kc7 30. Raf1 Ne3 31. R1f7 Nxc2 32. Rxd7+ Kxd7 33. Rg8 Nb4 34. Rg7+ Kc8 35. Rg8+ Kc7 36. Rg7+ Kc8 37. Rxg6 Nxd3 38. Rg5 c4 39. Rd5 Nxb2 40. Rxd4 b5 41.
Rd5 a6 42. Rxh5 Nd3 43. Kf1 c3 44. Rh3 c2 45. Rh8+ Kd7 46. Rh7+ Kd6 47. Rh6+ Kd5 48. Rh5+ Kc4 49. Rh4+ Kc3 50. Ke2 c1=Q 0-1

[Event "Early-Titled-Tuesday-Blitz-March-05-2024"]
[Site "Chess.com"]
[Date "2024.03.05"]
[Round "5"]
[White "Eliwood44"]
[Black "Darius321"]
[Result "1-0"]
[WhiteElo "2512"]
[BlackElo "2365"]
[TimeControl "180+1"]
[EndTime "8:58:19 PST"]
[Termination "Eliwood44 won on time"]

1. d4 d5 2. c4 e6 3. Nc3 c5 4. e3 cxd4 5. exd4 Nf6 6. Nf3 Nc6 7. a3 dxc4 8. Bxc4 b6 9. d5 exd5 10. Bb5 Bd7 11. O-O Be7 12. Nxd5 Nxd5 13. Qxd5 Rc8 14.
Rd1 a6 15. Bxa6 Be6 16. Qxd8+ Rxd8 17. Rxd8+ Kxd8 18. Be3 Kc7 19. Rc1 Bf6 20. Bf4+ Kd7 21.
Rd1+ Ke7 22. Bd6+ Kd7 23. Bb5 Rc8 24. Be5+ Ke7 25. Bd6+ Kd7 26. Ne5+ Bxe5 27. Bxe5+ Ke7 28. Bxg7 Na5 29. Bc3 Nc4 30. h3 Rd8 31. Bf6+ Kxf6 32.
Rxd8 Nxb2 33. Rd6 Ke5 34. Rxb6 Kd4 35. a4 Kc5 36. Rb8 Bb3 37. a5 Nc4 38. Bxc4 Bxc4 39.
g3 f5 40. f4 Bd5 41. Kf2 Kc6 42. a6 Kc7 43. Rb2 Bc6 44. Ke3 Be4 45. a7 1-0

[Event "Early-Titled-Tuesday-Blitz-March-05-2024"]
[Site "Chess.com"]
[Date "2024.03.05"]
[Round "5"]
[White "AttackSparrow"]
[Black "TigrVShlyape"]
[Result "1-0"]
[WhiteElo "2650"]
[BlackElo "2855"]
[TimeControl "180+1"]
[EndTime "8:58:21 PST"]
[Termination "AttackSparrow won by resignation"]

1. Nf3 d5 2. e3 Nf6 3. h3 g6 4. d4 Bg7 5. Be2 O-O 6. O-O c5 7. c3 b6 8. a4 Nc6 9. b3 Bb7 10. Ba3 Ne4 11. Nfd2 Nxd2 12. Nxd2 cxd4 13. cxd4 Qd7 14.
b4 e6 15. a5 Rab8 16. a6 Bc8 17. Bb5 Qe8 18. Qa4 Bd7 19. Rac1 Ne5 20. Bxd7 Nxd7 21. b5 Qd8 22. Bxf8 Bxf8 23. Rc6 Nf6 24. Rfc1 Ne8 25. Nf3 Nd6 26. Rc7 Ra8 27. R1c6 Ne8 28. Rb7 Nd6 29. Ne5 Nxb7 30. axb7 Rb8 31. Qxa7 Kg7 32. Rxb6 Bd6 33. Nc6 Qc7 34. g3 Bxg3 35. Qxb8 Qxb6 36. Qxg3 Qxb7 37. Qe5+ Kh6 38. Qf4+ Kg7 39. Qb8 Qd7 40. Kf1 g5 41. Ke2 h5 42. Kf3 g4+ 43. hxg4 hxg4+ 44. Kg2 Kh7 45.
Qf4 Qb7 46. Ne5 f5 47. Qg5 1-0

[Event "Early-Titled-Tuesday-Blitz-March-05-2024"]
[Site "Chess.com"]
[Date "2024.03.05"]
[Round "5"]
[White "nicolasbatista3"]
[Black "ChristianArca"]
[Result "1-0"]
[WhiteElo "2491"]
[BlackElo "2696"]
[TimeControl "180+1"]
[EndTime "8:58:21 PST"]
[Termination "nicolasbatista3 won on time"]

1. d4 Nf6 2. c4 c5 3. d5 e6 4.
Nc3 exd5 5. cxd5 g6 6. e4 d6 7.
Bg5 Bg7 8. Bb5+ Nbd7 9. Nf3 O-O 10. a4 Re8 11. O-O Qc7 12. Re1 a6 13. Bf1 Rb8 14. Qc2 Ne5 15. Nxe5 Rxe5 16. f4 Re8 17.
Rad1 Ng4 18. h3 Bd4+ 19. Rxd4 cxd4 20. hxg4 dxc3 21. bxc3 Bxg4 22. c4 b5 23. axb5 axb5 24.
Qf2 bxc4 25. Qh4 f5 26. e5 dxe5 27. d6 Qxd6 28. Bxc4+ Kg7 29. Qh6+ Kh8 30. Kh2 exf4 31. Bxf4 Qd4 32. Rc1 Rbc8 33. Bf7 1-0

[Event "Early-Titled-Tuesday-Blitz-March-05-2024"]
[Site "Chess.com"]
[Date "2024.03.05"]
[Round "5"]
[White "manitodeplomo"]
[Black "cristianserban1"]
[Result "1/2-1/2"]
[WhiteElo "2710"]
[BlackElo "2491"]
[TimeControl "180+1"]
[EndTime "8:58:22 PST"]
[Termination "Game drawn by repetition"]

1. d4 Nf6 2. c4 e6 3. Nf3 d5 4.
Nc3 Bb4 5. Qa4+ Nc6 6. e3 O-O 7.
Bd2 dxc4 8. Bxc4 Bd6 9. h3 e5 10. O-O exd4 11. exd4 a6 12. Qc2 b5 13. Bb3 Nb4 14. Qb1 h6 15. a3 Nc6 16. Bxh6 gxh6 17. Qg6+ Kh8 18. Qxh6+ Nh7 19. Bc2 f5 20. Nd5 Rg8 21. Nf4 Bxf4 22. Qxf4 Qd6 23. Qxd6 cxd6 24. Rac1 Bd7 25. Bb3 Rgc8 26. Rfe1 Re8 27. Bd5 Rxe1+ 28.
Rxe1 Re8 29. Rc1 Rc8 30. Re1 Nf8 31. Ng5 Kg7 32. Nf3 Kf6 33. h4 Ne6 34. Rd1 Nf4 35. Ba2 Ne7 36. g3 Ne6 37. Re1 Rc2 38.
Bxe6 Bxe6 39. Ng5 Bd5 40. Nh7+ Kf7 41. Ng5+ Kf6 42. Nh7+ Kf7 43. Ng5+ Kf6 1/2-1/2

[Event "Early-Titled-Tuesday-Blitz-March-05-2024"]
[Site "Chess.com"]
[Date "2024.03.05"]
[Round "5"]
[White "Juicy_Fork"]
[Black "Austen48"]
[Result "1/2-1/2"]
[WhiteElo "2532"]
[BlackElo "2288"]
[TimeControl "180+1"]
[EndTime "8:58:24 PST"]
[Termination "Game drawn by repetition"]

1. e4 c5 2. Nf3 e6 3. d4 cxd4 4. Nxd4 a6 5. c4 Nf6 6. Nc3 Qc7 7. a3 b6 8. Bd3 Bb7 9. Qe2 Nc6 10. Be3 Ne5 11. f4 Nxd3+ 12. Qxd3 d6 13. Rc1 Be7 14. O-O O-O 15. h3 Rac8 16. b3 Qb8 17. g4 d5 18. cxd5 exd5 19. e5 Ne4 20. b4 a5 21.
Nf5 Rfe8 22. Nxd5 Bxd5 23. Qxd5 Nc3 24. Qd3 axb4 25. Nxe7+ Rxe7 26. axb4 Rec7 27. Bd2 Na4 28. Rxc7 Qxc7 29. Rc1 Qb7 30. Rxc8+ Qxc8 31. f5 h6 32. f6 Nb2 33. Qe3 Nc4 34. Qf4 Nxd2 35. Qxd2 Qc4 36. fxg7 Kxg7 37. Qf2 Qxb4 38. Qf6+ Kg8 39. Qxh6 Qd4+ 40.
Kg2 Qe4+ 41. Kf2 Qd4+ 42. Kf1 Qxe5 43. Qxb6 Qe4 44. Qb8+ Kg7 45. Qb2+ Kg8 46. Qb8+ Kh7 47. Qg3 Qc4+ 48. Kg2 Qe4+ 49. Qf3 Qc2+ 50. Kg3 Qc7+ 51. Qf4 Qc3+ 52. Kh4 Kg8 53. Qg5+ Kf8 54. Qd8+ Kg7 55. Qg5+ Kf8 56. Qh6+ Ke7 57. Qg5+ Kf8 1/2-1/2

[Event "Early-Titled-Tuesday-Blitz-March-05-2024"]
[Site "Chess.com"]
[Date "2024.03.05"]
[Round "5"]
[White "Volodar_Murzin"]
[Black "MagnusCarlsen"]
[Result "1/2-1/2"]
[WhiteElo "2959"]
[BlackElo "3273"]
[TimeControl "180+1"]
[EndTime "8:58:25 PST"]
[Termination "Game drawn by stalemate"]

1. d4 g6 2. Nf3 Bg7 3. e4 d6 4. Bc4 Nc6 5. h3 Nf6 6. Qe2 e5 7. dxe5 Nxe5 8. Nxe5 dxe5 9. O-O O-O 10. Nd2 Qe7 11. Nf3 Bd7 12. Bg5 h6 13. Bxf6 Bxf6 14. Rfd1 Rfd8 15. Rd2 Kg7 16. Rad1 Be8 17. c3 Rxd2 18.
Rxd2 a5 19. Bb5 c6 20. Ba4 b5 21. Bc2 a4 22. a3 Bd7 23. Qd3 Be6 24. Qd6 Qxd6 25.
Rxd6 Rc8 26. Ne1 Be7 27. Rd1 f5 28. Nd3 Kf7 29. Nxe5+ Kf6 30. Nd7+ Kg7 31. exf5 gxf5 32. Ne5 c5 33. Nd3 Bd6 34. g3 Kf6 35. Nf4 Bxf4 36. gxf4 Rg8+ 37. Kh2 Rb8 38. Kg3 Ke7 39. Kf3 Bd7 40.
Ke3 b4 41. Rd5 bxa3 42. bxa3 Rb2 43. Bxf5 Bxf5 44. Rxf5 Kd6 45. Kd3 Rxf2 46. Rf6+ Ke7 47. Rxh6 Rxf4 48. Rc6 Rf1 49. Ra6 Rf4 50. Rc6 Rf1 51.
Rxc5 Ra1 52. Kc4 Rxa3 53. Kb4 Ra1 54. h4 a3 55. h5 Kd6 56. Ra5 a2 57. Kc4 Rh1 58.
Ra6+ Kc7 59. Rxa2 Rh4+ 60. Kb3 Rxh5 61. Rd2 Kc6 62. Rd4 Rb5+ 63. Rb4 Kc5 64. Rxb5+ Kxb5 65. c4+ Kc5 66. Kc3 Kc6 67. Kb4 Kb6 68. c5+ Kc6 69. Kc4 Kc7 70. Kb5 Kb7 71. c6+ Kc7 72. Kc5 Kc8 73.
Kd6 Kd8 74. c7+ Kc8 75. Kc6 1/2-1/2

[Event "Early-Titled-Tuesday-Blitz-March-05-2024"]
[Site "Chess.com"]
[Date "2024.03.05"]
[Round "5"]
[White "MITerryble"]
[Black "Kobalia"]
[Result "1-0"]
[WhiteElo "3032"]
[BlackElo "2796"]
[TimeControl "180+1"]
[EndTime "8:58:25 PST"]
[Termination "MITerryble won on time"]

1. b3 e5 2. Bb2 Nc6 3. e3 g6 4.
Bb5 Bg7 5. Nf3 Nge7 6. d4 exd4 7. Nxd4 O-O 8. Nxc6 dxc6 9. Qxd8 Rxd8 10. Bxg7 Kxg7 11.
Bd3 Bf5 12. Bxf5 Nxf5 13. Ke2 a5 14. a3 a4 15. b4 c5 16. b5 Nd6 17. Nc3 Nc4 18.
Rhd1 Rxd1 19. Kxd1 Rd8+ 20. Kc1 Rd2 21. Ne4 Rd5 22.
Nc3 Rf5 23. Ne4 Re5 24. Nc3 Rf5 25. Ne4 Re5 26. Nd2 Nd6 27. c4 g5 28. Kc2 g4 29.
Rh1 Rf5 30. Rf1 Rh5 31. Rh1 Rf5 32. f3 gxf3 33. gxf3 Rg5 34. Kd3 Rg2 35. h4 h5 36.
b6 cxb6 37. Rb1 Nf5 38. Rxb6 Nxh4 39. Rb5 b6 40. Rxb6 Ng6 41. f4 h4 42. Rb1 Rg3 43. Ke4 f5+ 44. Kxf5 Rxe3 45. Rb7+ Kh6 46. Rb6 Rg3 47.
Ne4 Rg2 48. Ng5 1-0

[Event "Early-Titled-Tuesday-Blitz-March-05-2024"]
[Site "Chess.com"]
[Date "2024.03.05"]
[Round "5"]
[White "Miguelito"]
[Black "arenal72"]
[Result "0-1"]
[WhiteElo "2823"]
[BlackElo "2641"]
[TimeControl "180+1"]
[EndTime "8:58:26 PST"]
[Termination "arenal72 won by resignation"]

1. e4 Nc6 2. Nf3 d6 3. d4 Nf6 4.
Nc3 g6 5. Be2 Bg7 6. O-O O-O 7.
d5 Nb8 8. Re1 e5 9. dxe6 Bxe6 10. Nd4 Nc6 11. Nxe6 fxe6 12. Be3 Kh8 13. a4 Qe7 14. a5 a6 15. Qd2 Rae8 16. Ra4 Nd7 17. b4 Qf6 18. Nd1 Qe5 19. Bd3 Qh5 20. c4 Nde5 21.
Be2 Qh4 22. f4 Ng4 23. Bxg4 Qxg4 24. b5 Ne7 25. Nf2 Qh5 26. b6 cxb6 27. Qxd6 b5 28.
cxb5 Qxb5 29. Ra2 Nc6 30. e5 Qc4 31. Raa1 Rd8 32. Qc7 Nxe5 33. Qxb7 Nd3 34. Nxd3 Rxd3 35. Rac1 Qd5 36. Qxd5 Rxd5 37. Rc7 Rxa5 38. Bd2 Rd5 39.
Bb4 Re8 40. Ra7 Bd4+ 41. Kf1 Bxa7 42. Rc1 Rd4 43. Bc3 Kg8 44. Ra1 Rxf4+ 0-1

[Event "Early-Titled-Tuesday-Blitz-March-05-2024"]
[Site "Chess.com"]
[Date "2024.03.05"]
[Round "5"]
[White "Preobrazhenska_D2011"]
[Black "Talcrifice"]
[Result "0-1"]
[WhiteElo "2438"]
[BlackElo "2583"]
[TimeControl "180+1"]
[EndTime "8:58:26 PST"]
[Termination "Talcrifice won by checkmate"]

1. e4 e5 2. Nf3 Nc6 3. Bb5 a6 4. Ba4 Nf6 5. O-O b5 6. Bb3 Bc5 7. Nc3 d6 8. Nd5 h6 9. d3 Be6 10. c3 Bxd5 11. exd5 Ne7 12. d4 exd4 13. Nxd4 O-O 14.
Re1 Ng6 15. h3 Qd7 16. Be3 Rfe8 17. Qd2 Re5 18. Nc6 Bxe3 19. Rxe3 Rxe3 20. Qxe3 Re8 21. Qd4 Re4 22. Qd2 Qe8 23. Nd4 Ne5 24. Bc2 Nc4 25.
Qc1 Re5 26. b3 Nb6 27. c4 bxc4 28. bxc4 Nxc4 29. Bd3 Nb6 30. Nc6 Rxd5 31. Bf1 Rc5 32. Ne7+ Qxe7 33. Qf4 Re5 34. Qd2 g5 35. Rb1 Kg7 36.
Qd3 Nbd5 37. Qd2 Nf4 38. g3 Ng6 39. Bd3 Rd5 40. Qc2 Ne5 41. Be2 Rc5 42. Qd2 Qe6 43.
Re1 Qxh3 44. Bf1 Qf5 45. Bg2 Rc2 46. Qd4 Rxa2 47. Rc1 c5 48. Qe3 Nfg4 49. Qe4 Qxf2+ 50. Kh1 Re2 51. Qd5 Re1+ 52. Rxe1 Qxe1+ 53. Bf1 Qxf1# 0-1

[Event "Early-Titled-Tuesday-Blitz-March-05-2024"]
[Site "Chess.com"]
[Date "2024.03.05"]
[Round "5"]
[White "RedFirePanda"]
[Black "viniciusrego"]
[Result "0-1"]
[WhiteElo "2536"]
[BlackElo "2388"]
[TimeControl "180+1"]
[EndTime "8:58:27 PST"]
[Termination "viniciusrego won on time"]

1. d4 g6 2. Bf4 Bg7 3. c3 d6 4.
Nf3 Nf6 5. h3 b6 6. e3 Bb7 7. Be2 Nbd7 8. O-O c5 9. Nbd2 O-O 10. Re1 Qc7 11. Qc2 cxd4 12. exd4 a6 13. Rad1 b5 14. Bf1 Rfe8 15. Qb3 Bd5 16. Qa3 Nb6 17.
Rc1 Nc4 18. Nxc4 bxc4 19. b3 Bxf3 20. gxf3 cxb3 21. axb3 a5 22. Bg2 Rab8 23. c4 Qb6 24. c5 Qxb3 25. Qxa5 Ra8 26. Qd2 Ra2 27. Qd1 Qd5 28.
Bg3 Nh5 29. f4 Qxd4 30. Qxd4 Bxd4 31. cxd6 Nxg3 32. d7 Bxf2+ 33. Kh2 Rd8 34. Rc8 Bb6 35. Rb1 Nf1+ 36. Rxf1 Rd2 37. Rb1 Rxd7 38. Rxd8+ Bxd8 39. Re1 Bc7 40. Kg3 g5 41. Bc6 Bxf4+ 42. Kg4 Rc7 43. Bd5 e6 44. Bg2 Kg7 45. Kh5 Rc3 46. h4 Rg3 47.
Bf1 g4 0-1

[Event "Early-Titled-Tuesday-Blitz-March-05-2024"]
[Site "Chess.com"]
[Date "2024.03.05"]
[Round "5"]
[White "Grandelicious"]
[Black "Mikhail_Golubev"]
[Result "0-1"]
[WhiteElo "2878"]
[BlackElo "2668"]
[TimeControl "180+1"]
[EndTime "8:58:28 PST"]
[Termination "Mikhail_Golubev won on time"]

1. Nf3 d6 2. g3 g6 3. Bg2 Bg7 4. O-O e5 5. d4 e4 6. Nfd2 d5 7. c4 c6 8. Nc3 Nf6 9. cxd5 cxd5 10. Nb3 O-O 11. Bg5 h6 12. Bxf6 Bxf6 13. e3 Nc6 14. Rc1 Bg7 15. Nd2 Be6 16. Na4 Qe7 17.
Nc5 Rad8 18. Nxe6 fxe6 19. Qa4 e5 20. dxe5 Nxe5 21. Qxa7 Nd3 22. Rc2 Rf6 23. Qa4 Rdf8 24. Nb3 Qf7 25. Qb5 Nxf2 26. Qe2 Nd3 27. Rxf6 Qxf6 28. Nc5 Nxc5 29. Rxc5 d4 30. Bxe4 dxe3 31. Rc2 Qd4 32. Bxg6 Rf2 33. Rc8+ Bf8 34. Qc4+ Qxc4 35.
Rxc4 Rxb2 36. Bh5 e2 37. Kf2 e1=Q+ 38. Kxe1 Rxh2 39. Bf3 Rxa2 40. Bxb7 Ra1+ 41. Ke2 Ra7 42. Rc7 Kh8 0-1

[Event "Early-Titled-Tuesday-Blitz-March-05-2024"]
[Site "Chess.com"]
[Date "2024.03.05"]
[Round "5"]
[White "MANOJ_MISHRA123"]
[Black "pfalcon1949"]
[Result "1-0"]
[WhiteElo "2255"]
[BlackElo "1931"]
[TimeControl "180+1"]
[EndTime "8:58:28 PST"]
[Termination "MANOJ_MISHRA123 won by checkmate"]

1. d4 Nf6 2. g4 Nxg4 3. e4 Nf6 4. e5 Nd5 5. c4 Nb6 6. Nc3 e6 7. a4 Bb4 8. a5 O-O 9. axb6 cxb6 10. Bd3 Qh4 11.
Nf3 Qh5 12. Rg1 Nc6 13. Bxh7+ Qxh7 14. d5 Bxc3+ 15. bxc3 exd5 16. cxd5 Nxe5 17. Nxe5 Re8 18. Bf4 d6 19. Bg3 dxe5 20. d6 Bd7 21. Qf3 Bc6 22. Qg4 Qe4+ 23. Qxe4 Bxe4 24. d7 Red8 25. Bxe5 g6 26.
O-O-O Bf5 27. Rg3 Rxd7 28. Rxd7 Bxd7 29. Bf6 Be6 30. Kb2 Kf8 31. h4 Ke8 32. h5 Rc8 33. h6 Kd7 34. h7 b5 35. Rd3+ Kc6 36. Rd8 Rxd8 37. Bxd8 b4 38. h8=Q bxc3+ 39. Qxc3+ Kd7 40. Qc7+ Ke8 41. Qe7# 1-0

[Event "Early-Titled-Tuesday-Blitz-March-05-2024"]
[Site "Chess.com"]
[Date "2024.03.05"]
[Round "5"]
[White "Szparu"]
[Black "jaskol95"]
[Result "1-0"]
[WhiteElo "2780"]
[BlackElo "2592"]
[TimeControl "180+1"]
[EndTime "8:58:29 PST"]
[Termination "Szparu won by checkmate"]

1. e4 d5 2. exd5 Nf6 3. Bb5+ Nbd7 4. d4 a6 5. Be2 Nxd5 6. Nf3 e6 7.
O-O Be7 8. c4 N5f6 9. Nc3 b6 10.
h3 Bb7 11. Bf4 Bd6 12. Bg5 h6 13. Bh4 O-O 14. Qc2 c5 15. Rad1 Qc7 16. dxc5 Bxc5 17.
Bg3 Qc6 18. a3 a5 19. Rd2 Rfe8 20. Rfd1 Nf8 21. Bf1 Ng6 22. Nd4 Bxd4 23. Rxd4 Rac8 24. Rd6 Qc5 25. Na4 Qg5 26. Nxb6 Rc5 27. b4 Rf5 28.
Qc1 Qh5 29. Rd8 Rxd8 30. Rxd8+ Kh7 31. c5 Ne4 32. c6 Nxg3 33. fxg3 Bxc6 34. Qxc6 Ne5 35.
Qe4 Qg5 36. Rd3 g6 37. Re3 Rxf1+ 38. Kxf1 Nd7 39. Nxd7 Qb5+ 40. Qd3 Qc6 41. Nf6+ Kg7 42. Qc3 Qb7 43. Nh5+ Kf8 44. Nf6 Ke7 45. Rd3 axb4 46. axb4 Kf8 47. Rd8+ Kg7 48. Nh5+ Kh7 49. Rh8# 1-0

[Event "Early-Titled-Tuesday-Blitz-March-05-2024"]
[Site "Chess.com"]
[Date "2024.03.05"]
[Round "5"]
[White "bulletteemo"]
[Black "Kopytkin"]
[Result "1-0"]
[WhiteElo "2596"]
[BlackElo "2446"]
[TimeControl "180+1"]
[EndTime "8:58:29 PST"]
[Termination "bulletteemo won by checkmate"]

1. e4 Nf6 2. e5 Nd5 3. d4 d6 4. c4 Nb6 5. f4 dxe5 6. fxe5 c5 7.
d5 e6 8. Nc3 exd5 9. cxd5 c4 10.
Be3 Bb4 11. d6 O-O 12. Nf3 Bg4 13. Be2 Nc6 14. O-O Nd7 15. Nd5 Bc5 16. Bxc5 Nxc5 17. Qe1 Be6 18. Bxc4 b5 19. Ne7+ Nxe7 20. dxe7 Qxe7 21.
Bxb5 Rab8 22. Qe2 Qb7 23. a4 a6 24. Bd3 Qxb2 25. Bxa6 Rfd8 26. Qxb2 Rxb2 27. Bb5 Ra8 28. h3 Ne4 29. Nd4 Bd5 30. Bc6 Bxc6 31. Nxc6 Ng3 32.
Rf2 Rb6 33. Ne7+ Kf8 34. Nd5 Re6 35. Nc7 Ree8 36. Nxe8 Ne4 37. Rb2 Kxe8 38. a5 Nc5 39. Rb6 Nd3 40. a6 Nxe5 41. a7 Nd7 42. Rb7 Kd8 43.
Rd1 Kc8 44. Rdxd7 f6 45. Rbc7# 1-0

[Event "Early-Titled-Tuesday-Blitz-March-05-2024"]
[Site "Chess.com"]
[Date "2024.03.05"]
[Round "5"]
[White "laziestwin"]
[Black "Witty_Alien"]
[Result "1-0"]
[WhiteElo "2577"]
[BlackElo "2318"]
[TimeControl "180+1"]
[EndTime "8:58:30 PST"]
[Termination "laziestwin won by resignation"]

1. d4 e5 2. dxe5 d6 3. exd6 Bxd6 4. Nf3 Nf6 5. g3 Bg4 6. Bg2 Nc6 7. O-O Qd7 8. Bf4 O-O-O 9. Bxd6 Qf5 10. Nd4 Qh5 11.
Nxc6 Rxd6 12. Nxa7+ Kb8 13. Qe1 Kxa7 14. Nc3 Re6 15. f3 Qc5+ 16. Qf2 Qxf2+ 17. Kxf2 Bf5 18. e4 Bg6 19. Rfd1 h5 20. h4 c6 21. Rd4 Ne8 22. Rad1 Nc7 23. Rd7 Rc8 24. a4 f5 25. Rxg7 fxe4 26.
fxe4 Rf8+ 27. Kg1 Ref6 28. e5 Re6 29. Ne4 Bxe4 30. Bxe4 Ne8 31. Rg5 Nf6 32. exf6 Rxe4 33. Rf1 Re6 34. f7 Re7 35. Rgf5 Ka6 36. Kg2 b6 37. b4 c5 38. bxc5 bxc5 39. Rxc5 Rfxf7 40. Rxf7 Rxf7 41. Rxh5 Re7 42. Rg5 Re2+ 43. Kh3 Rxc2 44.
h5 Rc5 45. Rxc5 1-0

[Event "Early-Titled-Tuesday-Blitz-March-05-2024"]
[Site "Chess.com"]
[Date "2024.03.05"]
[Round "5"]
[White "ckgchess"]
[Black "vi_pranav"]
[Result "1-0"]
[WhiteElo "2910"]
[BlackElo "3056"]
[TimeControl "180+1"]
[EndTime "8:58:31 PST"]
[Termination "ckgchess won by checkmate"]

1. e4 e5 2. Nf3 Nc6 3. Bc4 Nf6 4. Ng5 d5 5. exd5 Na5 6. Bb5+ c6 7. dxc6 bxc6 8.
Bd3 Be7 9. O-O O-O 10. Re1 Bd6 11. Nc3 h6 12. Nf3 Re8 13. h3 Nd5 14. Bf1 f5 15. d4 e4 16. Ne5 Nxc3 17. bxc3 Bxe5 18. dxe5 Qe7 19. Qh5 Qxe5 20. Bf4 Qe7 21. Rad1 Be6 22. Rd6 Qf7 23. Qh4 Qe7 24. Qg3 Kh7 25. Red1 Qf7 26. Qe3 Rac8 27. h4 Nb7 28. R6d2 Na5 29.
Qc5 Nb7 30. Qxa7 Nd6 31. Qc5 Nb5 32. a4 Nc7 33. c4 Na6 34. Qe3 Bxc4 35. Rd7 Qe6 36.
Bxc4 Qxc4 37. Bxh6 Rg8 38. Qg5 Rc7 39. Bxg7 Rxd7 40.
Qh6# 1-0

[Event "Early-Titled-Tuesday-Blitz-March-05-2024"]
[Site "Chess.com"]
[Date "2024.03.05"]
[Round "5"]
[White "Viacheslav92"]
[Black "pr1105"]
[Result "1/2-1/2"]
[WhiteElo "2540"]
[BlackElo "2362"]
[TimeControl "180+1"]
[EndTime "8:58:31 PST"]
[Termination "Game drawn - insufficient material"]

1. d4 Nf6 2. Bg5 d5 3. Bxf6 gxf6 4. e3 c5 5. c4 cxd4 6. exd4 e5 7. Nc3 Bb4 8. Ne2 Nc6 9. cxd5 Qxd5 10. dxe5 Qxd1+ 11. Rxd1 fxe5 12. a3 Ba5 13. b4 Bd8 14. Ng3 a5 15. b5 Nd4 16. Bd3 Be6 17. O-O Rc8 18. Nce4 Be7 19. Rc1 Kd7 20. a4 f5 21. Nd2 e4 22. Bb1 Rxc1 23. Rxc1 f4 24. Ndxe4 fxg3 25. Rd1 gxh2+ 26. Kxh2 Rc8 27. Rxd4+ Ke8 28. Nd6+ Bxd6+ 29. Rxd6 Ke7 30. Rb6 Rc7 31. Be4 Rc4 32. f3 Rxa4 33.
Rxb7+ Kd6 34. Rxh7 Rb4 35. Bc6 a4 36. Ra7 Bd5 37.
Bxd5 Kxd5 38. b6 Kc6 39. b7 Kc7 40. g4 Kb8 41. Ra5 Kxb7 42. Kg3 Kb6 43. Ra8 Kb7 44. Rh8 a3 45. Rh1 a2 46. Ra1 Ra4 47. g5 Kc7 48. f4 Kd7 49. Kf3 Ke6 50. Ke3 Kf5 51. Kd3 Kxf4 52.
Kc3 Kxg5 53. Kb3 Ra8 54. Rxa2 Rxa2 55. Kxa2 1/2-1/2

[Event "Early-Titled-Tuesday-Blitz-March-05-2024"]
[Site "Chess.com"]
[Date "2024.03.05"]
[Round "5"]
[White "Happy1712Drummer"]
[Black "aljado"]
[Result "1-0"]
[WhiteElo "2310"]
[BlackElo "2050"]
[TimeControl "180+1"]
[EndTime "8:58:31 PST"]
[Termination "Happy1712Drummer won on time"]

1. e4 c5 2. d4 cxd4 3. c3 e6 4. cxd4 d5 5. e5 Nc6 6. Nc3 Qb6 7. Nf3 Nge7 8. Bd3 Bd7 9. Be3 a6 10. O-O Ng6 11. h4 Be7 12. h5 Nh4 13. Nxh4 Bxh4 14. Qg4 Be7 15. Qxg7 O-O-O 16. Na4 Qa5 17. Nc5 Rhg8 18.
Qh6 Bxc5 19. dxc5 Nxe5 20. Bxh7 Ng4 21. Qf4 Rg7 22. Bd3 Nxe3 23. Qxe3 Rdg8 24. g3 Qd8 25. h6 Rg4 26. h7 Rh8 27. Qe2 f5 28. Rac1 Qh4 29. Bxa6 Rxh7 30. Bxb7+ Kd8 31. Kg2 Qh3+ 32.
Kf3 Qh5 33. Kg2 Qh3+ 34. Kf3 Qh5 35. Rh1 Rf4+ 36. Kxf4 Qxe2 37. Rxh7 Qd2+ 38. Ke5 Qxc1 39. Kd6 1-0

[Event "Early-Titled-Tuesday-Blitz-March-05-2024"]
[Site "Chess.com"]
[Date "2024.03.05"]
[Round "5"]
[White "IlanSchnaider"]
[Black "viviania"]
[Result "0-1"]
[WhiteElo "2658"]
[BlackElo "2895"]
[TimeControl "180+1"]
[EndTime "8:58:32 PST"]
[Termination "viviania won on time"]

1. e4 c5 2. Nf3 Nc6 3. Bb5 e6 4.
O-O Nge7 5. d4 cxd4 6. Nxd4 b6 7. Nc3 Bb7 8. Bg5 f6 9. Bh4 Ng6 10. Bg3 Bc5 11. Nb3 Bb4 12. a3 Bxc3 13. bxc3 O-O 14.
Bd6 Rf7 15. f4 Nce7 16. f5 Ne5 17. Bxe5 fxe5 18. fxe6 Rxf1+ 19. Qxf1 dxe6 20. Rd1 Qf8 21. Bc4 Qxf1+ 22. Kxf1 Kf7 23. Nd2 Ng6 24. g3 Ke7 25. Ke2 Rd8 26. Bd3 Nf8 27. Nf3 Nd7 28. Bb5 Bxe4 29.
Ng5 Bxc2 30. Rf1 Bg6 31. Bc4 Nc5 32. h4 h6 33. Nf3 Bh5 34. Ke3 Bxf3 35. Rxf3 Rf8 36.
Be2 Rxf3+ 37. Bxf3 Kd6 38. g4 g5 39. Bg2 Nd7 40.
Kf3 gxh4 0-1